 Dungeon Crawl Stone Soup version 0.24-a0-416-g56ce517 (webtiles) character file.

Game seed: 4083453638038157557

318517 Deathlysoul the Slayer (level 20, -3/198 HPs)
             Began as a Minotaur Fighter on June 7, 2019.
             Was the Champion of Okawaru.
             Slain by an acid blob (11 damage)
             ... created by the Royal Jelly
             ... on level 4 of the Pits of Slime on June 8, 2019.
             The game lasted 02:54:01 (50588 turns).

Deathlysoul the Slayer (Minotaur Fighter)          Turns: 50588, Time: 02:54:01

Health: -3/198     AC:  8    Str: 42    XL:     20   Next: 92%
Magic:  35/35      EV: 21    Int:  5    God:    Okawaru [******]
Gold:   3758       SH: 22    Dex: 18    Spells: 21/29 levels left

rFire    + . .     SeeInvis +   y - +9 demon whip "Ynyosk" {drain, +Blink rC- Str+8 Dex+2}
rCold    x x .     Gourm    .   C - +2 shield of the Prince {rN+ Str+5}
rNeg     + . .     Faith    .   o - +6 chain mail of Tender Moments {rF+ MR+ MP+9 SInv}
rPois    .         Spirit   .   (helmet restricted)
rElec    .         Reflect  +   M - +2 cloak of Relativism {rC- rCorr Str+3 Slay+5}
rCorr    +         Harm     .   g - +0 pair of gloves of the Peculiar Seas {Regen+ Str+2}
MR       ++...                  p - +2 pair of boots {run}
Stlth    ..........             L - +3 amulet of reflection
HPRegen  0.83/turn              (no ring)
MPRegen  0.24/turn              N - ring of resist corrosion

@: corroded, quick
A: retaliatory headbutt, horns 2
}: 1/15 runes: serpentine
a: Heroism, Finesse, Renounce Religion, Evoke Blink


You were on level 4 of the Pits of Slime.
You worshipped Okawaru.
Okawaru was exalted by your worship.
You were not hungry.

You visited 8 branches of the dungeon, and saw 39 of its levels.
You visited 1 bazaar.
You also visited: Ossuary and Gauntlet.

You collected 3758 gold pieces.

Inventory:

Hand Weapons
 y - the +9 demon whip "Ynyosk" (weapon) {drain, +Blink rC- Str+8 Dex+2}
   (You acquired it on level 2 of the Snake Pit)

   A truly terrible weapon, it drains the life of those it strikes.
   It affects your strength (+8).
   It affects your dexterity (+2).
   It makes you vulnerable to cold.
   It lets you blink.
 W - the +5 war axe of the Other Side {chop, -Tele MR++ Dex+4}
   (You found it in a Gauntlet)

   It inflicts extra damage upon your enemies.
   It affects your dexterity (+4).
   It affects your resistance to hostile enchantments.
   It prevents most forms of teleportation.
Armour
 d - a +1 hat
 g - the +0 pair of gloves of the Peculiar Seas (worn) {Regen+ Str+2}
   (You acquired it on level 1 of the Lair of Beasts)

   It affects your strength (+2).
   It increases your rate of regeneration.
 o - the +6 chain mail of Tender Moments (worn) {rF+ MR+ MP+9 SInv}
   (You took it off a minotaur in a Gauntlet)

   It protects you from fire.
   It affects your resistance to hostile enchantments.
   It affects your magic capacity (+9).
   It lets you see invisible.
 p - a +2 pair of boots of running (worn)
 A - a scarf of cloud immunity
 C - the +2 shield of the Prince (worn) {rN+ Str+5}
   (Okawaru gifted it to you on level 6 of the Lair of Beasts)

   It affects your strength (+5).
   It protects you from negative energy.
 M - the +2 cloak of Relativism (worn) {rC- rCorr Str+3 Slay+5}
   (You found it on level 6 of the Lair of Beasts)

   It affects your strength (+3).
   It affects your accuracy and damage with ranged weapons and melee attacks
   (+5).
   It makes you vulnerable to cold.
   It provides partial protection from all sources of acid and corrosion.
Jewellery
 L - a +3 amulet of reflection (around neck)
 N - a ring of resist corrosion (right hand)
 P - a +2 amulet of reflection
Wands
 a - a wand of paralysis (13)
 c - a wand of iceblast (18)
 w - a wand of scattershot (6)
 x - a wand of disintegration (52)
 z - a wand of flame (12)
 B - a wand of enslavement (12)
 K - a wand of clouds (16)
 U - a wand of acid (23)
Scrolls
 b - 4 scrolls of teleportation
 e - 13 scrolls of remove curse
 i - 11 scrolls of enchant weapon
 j - 3 scrolls of enchant armour
 k - 13 scrolls of identify
 q - 4 scrolls of fog
 s - 3 scrolls of immolation
 v - 6 scrolls of fear
 J - 5 scrolls of summoning
 T - a scroll of holy word
 X - a scroll of brand weapon
 Y - a scroll of amnesia
Potions
 h - 4 potions of magic
 l - 14 potions of curing
 n - a potion of might
 t - a potion of brilliance
 u - 6 potions of agility
 D - 4 potions of flight
 E - 5 potions of heal wounds
 F - 3 potions of cancellation
 G - 7 potions of lignification
 H - 5 potions of berserk rage
 I - 4 potions of resistance
 S - 5 potions of haste
Miscellaneous
 m - a fan of gales (inert)
 O - 2 phantom mirrors
 Q - a lightning rod (4/4)
 R - a lamp of fire
 V - a phial of floods
Comestibles
 f - 28 rations


   Skills:
 * Level 21.4 Fighting
   Level 3.7 Long Blades
 - Level 21.0 Maces & Flails
 - Level 15.0 Armour
 - Level 15.0 Dodging
 - Level 15.0 Shields
 - Level 5.0 Spellcasting
 * Level 5.1 Charms
 * Level 7.2 Summonings
 * Level 5.1 Necromancy
 * Level 5.3 Invocations
 * Level 5.3 Evocations


You had 21 spell levels left.
You knew the following spells:

 Your Spells              Type           Power        Failure   Level  Hunger
a - Regeneration          Chrm/Necr      #.........   26%         3    ####...
b - Summon Demon          Summ           #.........   73%         5    ######.

Your spell library contained the following spells:

 Spells                   Type           Power        Failure   Level  Hunger
 Summon Small Mammal      Summ           #...         4%          1    ##.....
 Call Imp                 Summ           #.......     6%          2    ###....
 Animate Skeleton         Necr           N/A          9%          1    ##.....
 Infusion                 Chrm           #...         9%          1    ##.....
 Song of Slaying          Chrm           #.......     14%         2    ###....
 Shroud of Golubria       Chrm/Tloc      #.....       36%         2    ###....
 Swiftness                Chrm/Air       #.......     36%         2    ###....
 Recall                   Summ/Tloc      N/A          45%         3    ####...
 Apportation              Tloc           #.....       58%         1    ##.....
 Confusing Touch          Hex            #.....       58%         1    ##.....
 Magic Dart               Conj           #...         58%         1    ##.....
 Sandblast                Erth           #.....       58%         1    ##.....
 Shock                    Conj/Air       #...         58%         1    ##.....
 Sting                    Conj/Pois      #...         58%         1    ##.....
 Spectral Weapon          Hex/Chrm       #.......     61%         3    ####...
 Animate Dead             Necr           N/A          65%         4    #####..
 Aura of Abjuration       Summ           #.........   73%         5    ######.
 Blink                    Tloc           N/A          75%         2    ###....
 Passwall                 Tmut/Erth      #.......     75%         2    ###....
 Poisonous Vapours        Pois/Air       #.....       75%         2    ###....
 Slow                     Hex            #.......     75%         2    ###....
 Summon Lightning Spire   Summ/Air       #.......     86%         4    #####..
 Conjure Flame            Conj/Fire      #.......     92%         3    ####...
 Gell's Gravitas          Tloc           #.........   92%         3    ####...
 Lesser Beckoning         Tloc           #.........   92%         3    ####...
 Mephitic Cloud           Conj/Pois/Air  #.......     92%         3    ####...
 Static Discharge         Conj/Air       #.......     92%         3    ####...
 Stone Arrow              Conj/Erth      #.....       92%         3    ####...
 Teleport Other           Tloc           #.......     92%         3    ####...
 Dispel Undead            Necr           #.......     94%         5    ######.
 Summon Forest            Summ/Tloc      #.........   99%         5    ######.
 Summon Mana Viper        Hex/Summ       #.......     99%         5    ######.
 Shadow Creatures         Summ           N/A          99%         6    #######
 Airstrike                Air            #.........   100%        4    #####..
 Leda's Liquefaction      Hex/Erth       #.........   100%        4    #####..
 Olgreb's Toxic Radiance  Pois           #.......     100%        4    #####..
 Passage of Golubria      Tloc           N/A          100%        4    #####..
 Petrify                  Tmut/Erth      #.......     100%        4    #####..
 Bolt of Magma            Conj/Fire/Erth #.........   100%        5    ######.
 Borgnjor's Vile Clutch   Necr/Erth      #.........   100%        5    ######.
 Lee's Rapid Deconstruct  Erth           #.........   100%        5    ######.
 Lightning Bolt           Conj/Air       #.........   100%        5    ######.
 Silence                  Hex/Air        #.........   100%        5    ######.
 Venom Bolt               Conj/Pois      #.........   100%        5    ######.
 Conjure Ball Lightning   Conj/Air       #.........   100%        6    #######
 Death Channel            Necr           #.........   100%        6    #######
 Deflect Missiles         Chrm/Air       #.........   100%        6    #######
 Iron Shot                Conj/Erth      #.........   100%        6    #######
 Simulacrum               Ice/Necr       #.........   100%        6    #######
 Statue Form              Tmut/Erth      #........    100%        6    #######
 Shatter                  Erth           #.........   100%        9    #######
 Tornado                  Air            #.........   100%        9    #######


Dungeon Overview and Level Annotations

Branches:
Dungeon (15/15)            Temple (1/1) D:7            Lair (6/6) D:10
 Shoals (0/4) Lair:3        Snake (4/4) Lair:4        Slime (5/5) Lair:5
    Orc (2/2) D:9             Elf (0/3) Orc:2        Vaults (4/5) D:13
  Crypt (0/3) Vaults:2     Depths (2/5) D:15

Altars:
Ashenzari
Cheibriados
Dithmenos
Elyvilon
Fedhas
Gozag
Hepliaklqana
Makhleb
Nemelex Xobeh
Okawaru
Qazlal
Ru
Trog
Uskayaw
Vehumet
Xom
Yredelemnul
Zin
The Shining One
Beogh

Shops:
D:4 }   D:8 [[(}(   D:10 (}!   Orc:1 (   Orc:2 =[?(   Vaults:1 }   Depths:2 %

Portals:
Hell: Depths:1 Depths:2
Abyss: Depths:1
Pandemonium: Depths:2

Annotations:
D:9 2 transporters, Chroloform's ghost, novice DsFi
Lair:6 exclusion: 3 oklob plants
Snake:4 3 runed translucent doors, DankestMemes's ghost, adept GrEE
Slime:5 Royal Jelly
Depths:2 1 runed translucent door


Innate Abilities, Weirdness & Mutations

You reflexively headbutt those who attack you in melee.
You have a pair of horns on your head.


Message History

* * * LOW HITPOINT WARNING * * *
The acid blob spits acid at you.
The splash of acid reflects off an invisible shield around you!
The splash of acid hits the acid blob.
The acid blob completely resists.
The acid blob spits acid at you. The splash of acid hits you. You resist.
* * * LOW HITPOINT WARNING * * *
You are splashed with acid.
You resist.
* * * LOW HITPOINT WARNING * * *
You block the acid blob's attack.
There is a stone staircase leading up here.
You are splashed with acid.
You resist.
* * * LOW HITPOINT WARNING * * *
The acid blob spits acid at you. The splash of acid hits you. You resist.
* * * LOW HITPOINT WARNING * * *
You are splashed with acid.
You resist.
* * * LOW HITPOINT WARNING * * *
The acid blob hits you!
You die...

#...............##..##.
##^#......>......#.....
##.##............#...##.#
#................##.## #
#.............J.....##
............#..JJ....#
#.........####..J...##
........##.##..JJJ..#
#......##...#...@..#.##
##....###..#..........#
###.##.#........#.##.##
#.###..........#### ##
...###.##........## ..###
##.#........##
....###............#
.....#........#....#
......#.##.#.......## ##


You could see 4 acid blobs, 2 azure jellies and a death ooze.

Vanquished Creatures
  A juggernaut (Depths:1)
  Saint Roka (Snake:3)
  Xtahua (Vaults:2)
  A caustic shrike (Depths:1)
  Jorgrun (D:12)
  Rupert (Lair:4)
  A lich (Vaults:3)
  7 acid blobs
  A tengu reaver (Vaults:3)
  3 azure jellies
  3 fire giants
  3 frost giants
  10 nagarajas
  5 vault wardens
  A deep elf sorcerer (Vaults:2)
  2 ghouls (Vaults:2)
  A spriggan defender (Depths:1)
  14 very ugly things
  6 ironheart preservers
  The ghost of Seisiemm the Severer, a journeyman MiWn of Makhleb (Orc:1)
  8 stone giants
  2 vampire knights
  9 spark wasps (Depths:1)
  Snorg (D:9)
  A minotaur (Gauntlet)
  An eidolon (Vaults:2)
  5 ettins
  A deep elf death mage (Vaults:2)
  7 fire dragons
  2 death oozes
  8 ogre magi
  Erolcha (Orc:1)
  5 yaktaur captains
  14 great orbs of eyes
  8 hydras
  10 vault guards
  3 ice dragons
  A hell beast (Depths:1)
  2 rakshasas
  17 naga warriors
  10 anacondas
  7 centaur warriors
  6 catoblepae
  25 two-headed ogres
  A death scarab (Gauntlet)
  Urug (Lair:1)
  A shock serpent (shapeshifter) (D:15)
  6 tengu warriors
  10 death yaks
  A deep troll earth mage (Depths:1)
  6 shock serpents
  2 thrashing horrors (Gauntlet)
  9 naga sharpshooters
  Sonja (Lair:1)
  7 hell knights
  3 deep elf knights
  A shadow wraith (Vaults:1)
  A salamander mystic (Snake:3)
  6 skeletal warriors
  4 wizards
  7 glowing orange brains
  4 flayed ghosts
  3 swamp dragons (Snake:3)
  Pikel (D:8)
  7 unseen horrors
  5 naga ritualists
  3 deep elf archers
  4 necromancers
  An orange crystal statue (Depths:1)
  4 harpies (Vaults:3)
  17 orc knights
  2 phantasmal warriors (Depths:1)
  6 ironbrand convokers
  4 manticores
  4 deep elf magi
  4 orc sorcerers
  8 mana vipers
  4 wolf spiders
  8 salamanders
  A shining eye (shapeshifter) (D:15)
  A shining eye (Slime:1)
  11 cyclopes
  20 ugly things
  14 naga magi
  A rust devil (Depths:1)
  Joseph (D:8)
  37 black mambas
  2 eyes of devastation
  11 vault sentinels
  4 guardian serpents
  An orange demon (Depths:2)
  A spiny frog (shapeshifter) (Depths:1)
  A smoke demon (Depths:2)
  2 gargoyles
  2 rime drakes
  8 spiny frogs
  2 kobold demonologists
  3 komodo dragons
  A tormentor (Depths:2)
  A komodo dragon (shapeshifter) (D:15)
  32 yaktaurs
  A hellwing (Depths:2)
  A yaktaur (shapeshifter) (Vaults:1)
  A freezing wraith (Vaults:2)
  An ice devil (Depths:1)
  3 tengu conjurers
  A polar bear (Lair:1)
  6 trolls
  3 jumping spiders (shapeshifter)
  A queen bee (shapeshifter) (Depths:1)
  A wind drake (shapeshifter) (Vaults:2)
  A hornet (Vaults:1)
  Grinder (D:4)
  94 slime creatures
  8 dream sheep
  20 blink frogs
  10 hippogriffs
  A human simulacrum (Vaults:2)
  A spriggan (D:10)
  A redback (shapeshifter) (D:15)
  4 wraiths
  2 centaur simulacra
  A spriggan (shapeshifter) (Vaults:2)
  A shadow (D:14)
  66 yaks
  4 hungry ghosts
  6 water elementals
  4 wyverns
  7 basilisks
  9 golden eyes
  2 steam dragons (D:7)
  Eustachio (D:4)
  A spectral komodo dragon (Gauntlet)
  7 vampire mosquitoes
  A chaos spawn (Depths:2)
  51 nagas
  8 wargs
  Menkaure (D:4)
  2 small abominations
  3 swamp worms (Snake:3)
  A soldier ant (D:14)
  A hell hound (Depths:1)
  An acid dragon (D:13)
  22 water moccasins
  A swamp drake (Snake:3)
  50 orc warriors
  Duvessa (D:5)
  A black bear (D:8)
  An ice beast (D:5)
  13 porcupines
  4 sky beasts
  7 eyes of draining
  2 phantoms
  17 ogres
  2 slaves
  A black bear (shapeshifter) (Depths:1)
  2 necrophages
  11 centaurs
  5 boggarts
  10 wolves
  13 crocodiles
  13 bullfrogs
  3 big kobolds
  A gnoll sergeant (D:10)
  A wyvern zombie (D:9)
  Dowan (D:5)
  A water moccasin zombie (D:6)
  9 scorpions
  6 killer bees (D:9)
  A howler monkey (D:5)
  20 wights
  2 vampire bats (D:10)
  12 electric eels
  A tengu skeleton (Depths:1)
  2 centaur zombies
  2 bullfrog zombies
  4 crimson imps
  A yaktaur simulacrum (Vaults:1)
  6 hounds
  11 jellies
  2 gnoll shamans (D:10)
  18 orc priests
  5 centaur skeletons
  2 bullfrog skeletons (D:5)
  3 human zombies (Ossuary)
  16 orc wizards
  Ijyb (D:5)
  Jessica (D:2)
  Terence (D:2)
  9 iguanas
  5 hell rats (Lair:5)
  8 worker ants
  3 big kobold zombies (Ossuary)
  2 hound zombies
  3 hound skeletons
  3 mummies (Ossuary)
  2 worker ant zombies
  Robin (D:3)
  17 gnolls
  2 scorpion zombies (Ossuary)
  8 adders
  3 shadow imps
  14 oozes
  2 adder skeletons
  2 worms (D:2)
  2 dart slugs (D:3)
  6 leopard geckos
  110 orcs
  A giant cockroach (D:7)
  2 gnoll zombies (Ossuary)
  9 hobgoblins
  13 jackals
  2 quokkas
  3 ball pythons
  14 bats
  6 frilled lizards
  13 goblins
  3 goblin zombies (Ossuary)
  4 hobgoblin zombies (Ossuary)
  A jackal zombie (D:5)
  22 kobolds
  A kobold zombie (Ossuary)
  A leopard gecko skeleton (D:8)
  A quokka zombie (D:9)
  4 rats (D:1)
  A fungus (Lair:3)
  3 plants
1486 creatures vanquished.

Vanquished Creatures (others)
  A yaktaur captain (Vaults:1)
  A centaur warrior (Vaults:1)
  A deep elf archer (Vaults:2)
  3 yaktaurs
  3 humans (D:11)
  A naga (Snake:4)
  A slave (D:8)
  A bullfrog (D:8)
  An orc priest (Orc:1)
  An orc wizard (Vaults:3)
  An adder (D:5)
  8 fungi
  31 plants
  A withered plant (Gauntlet)
55 creatures vanquished.

Grand Total: 1541 creatures vanquished

Notes
Turn   | Place    | Note
-------+----------+-------------------------------------------
     0 | D:1      | Deathlysoul the Minotaur Fighter began the quest for the
                  | Orb.
     0 | D:1      | Reached XP level 1. HP: 19/19 MP: 0/0
   284 | D:1      | Reached XP level 2. HP: 27/27 MP: 1/1
   851 | D:2      | Noticed Terence
   861 | D:2      | Killed Terence
   861 | D:2      | Reached skill level 1 in Dodging
   861 | D:2      | Reached XP level 3. HP: 33/33 MP: 2/2
  1070 | D:2      | Reached XP level 4. HP: 35/40 MP: 3/3
  1110 | D:2      | Noticed Jessica
  1117 | D:2      | Killed Jessica
  1500 | D:3      | Noticed Robin
  1508 | D:3      | Killed Robin
  1508 | D:3      | Reached XP level 5. HP: 40/47 MP: 4/4
  1877 | D:3      | Noticed an ogre
  1893 | D:3      | Killed an ogre
  1893 | D:3      | Reached XP level 6. HP: 41/55 MP: 5/5
  1915 | D:3      | Reached skill level 5 in Fighting
  1915 | D:3      | Reached skill level 5 in Shields
  2175 | D:4      | Found Hamurchuh's Gadget Shoppe.
  2208 | D:4      | Noticed Menkaure
  2372 | D:4      | Killed Menkaure
  2372 | D:4      | Reached skill level 5 in Armour
  2419 | D:4      | Found a sparkling altar of Nemelex Xobeh.
  2421 | D:4      | Noticed Eustachio
  2438 | D:4      | Killed Eustachio
  2438 | D:4      | Reached XP level 7. HP: 60/61 MP: 6/6
  2593 | D:4      | Noticed Grinder
  2608 | D:4      | Paralysed by Grinder for 5 turns
  2617 | D:4      | Killed Grinder
  2617 | D:4      | Reached skill level 5 in Maces & Flails
  2964 | D:5      | Entered Level 5 of the Dungeon
  3178 | D:5      | Found a sand-covered staircase.
  3183 | Ossuary  | Entered an ossuary
  3242 | Ossuary  | Reached XP level 8. HP: 67/70 MP: 7/7
  3462 | Ossuary  | Reached skill level 5 in Dodging
  4063 | D:5      | Noticed Duvessa
  4069 | D:5      | Noticed Dowan
  4074 | D:5      | Killed Duvessa
  4083 | D:5      | Killed Dowan
  4211 | D:5      | Noticed Ijyb
  4221 | D:5      | Reached XP level 9. HP: 79/79 MP: 8/8
  4234 | D:5      | Killed Ijyb
  5152 | D:7      | Found a staircase to the Ecumenical Temple.
  5168 | Temple   | Entered the Ecumenical Temple
  5305 | Temple   | Became a worshipper of Warmaster Okawaru
  6049 | D:8      | Reached * piety under Okawaru
  6214 | D:8      | Found Xiom's Weapon Shop.
  6258 | D:8      | Found Soangu's Armour Boutique.
  6508 | D:8      | Found Emmopaid's Antique Weapon Shoppe.
  6516 | D:8      | Found Ytzov's Gadget Shoppe.
  6690 | D:8      | Noticed Pikel
  6778 | D:8      | Killed Pikel
  6804 | D:8      | Noticed Joseph
  6946 | D:8      | Killed Joseph
  6946 | D:8      | Reached ** piety under Okawaru
  6946 | D:8      | Reached XP level 10. HP: 90/90 MP: 9/9
  7206 | D:8      | Found Goifip's Antique Armour Shop.
  7394 | D:9      | Found a transporter.
  7395 | D:9      | Found a transporter.
  7395 | D:9      | Noticed a sphinx
  7395 | D:9      | Noticed Chroloform's ghost (novice DsFi)
  7396 | D:9      | Noticed a cyclops
  8303 | D:9      | Reached *** piety under Okawaru
  8750 | D:9      | Found a staircase to the Orcish Mines.
  8993 | D:9      | Identified the cursed +1 dagger of the Poles {flame, Dex+3}
  9143 | D:10     | Entered Level 10 of the Dungeon
  9476 | D:10     | Found Narreeb's Distillery.
  9794 | D:10     | Noticed a two-headed ogre
  9876 | D:9      | Killed a two-headed ogre
 10059 | D:10     | Reached XP level 11. HP: 99/99 MP: 10/10
 10150 | D:10     | Reached skill level 10 in Shields
 10177 | D:10     | Reached skill level 10 in Fighting
 10179 | D:10     | Reached skill level 10 in Armour
 10236 | D:10     | Found a staircase to the Lair.
 10237 | D:10     | Found Reshoeva's Gadget Shop.
 10278 | D:10     | Reached **** piety under Okawaru
 10568 | D:10     | Received a gift from Okawaru
 10616 | D:10     | Found Halow's Antique Weapon Boutique.
 11315 | D:11     | Noticed a death yak
 11315 | D:11     | Noticed a death yak
 11318 | D:11     | Noticed a death yak
 11870 | D:11     | Noticed a two-headed ogre
 11879 | D:11     | Reached skill level 10 in Maces & Flails
 11883 | D:11     | Killed a two-headed ogre
 11978 | D:11     | Noticed a death yak
 11979 | D:11     | Noticed a death yak
 11979 | D:11     | Noticed a death yak
 11979 | D:11     | Noticed a death yak
 11980 | D:11     | Noticed a death yak
 12352 | D:11     | Killed a death yak
 12352 | D:11     | Reached ***** piety under Okawaru
 12354 | D:11     | Killed a death yak
 12366 | D:11     | Killed a death yak
 12369 | D:11     | Killed a death yak
 12369 | D:11     | Received a gift from Okawaru
 12499 | D:11     | Killed a death yak
 12499 | D:11     | Reached XP level 12. HP: 92/110 MP: 11/11
 12798 | D:12     | Reached skill level 1 in Evocations
 13030 | D:12     | Noticed a centaur warrior
 13045 | D:12     | Noticed a two-headed ogre
 13050 | D:12     | Got a twisted falchion
 13063 | D:12     | Killed a two-headed ogre
 13133 | D:12     | Identified the +7 falchion "Untirait" {elec, Int+3 Dex+2
                  | Stlth+} (You found it on level 12 of the Dungeon)
 13176 | D:12     | Noticed a tengu warrior
 13199 | D:12     | Reached skill level 10 in Dodging
 13203 | D:12     | Killed a tengu warrior
 13203 | D:12     | Reached skill level 1 in Long Blades
 13623 | D:12     | Noticed Jorgrun
 13649 | D:12     | Killed Jorgrun
 13867 | D:12     | Reached ****** piety under Okawaru
 14088 | D:12     | Killed a centaur warrior
 14379 | D:13     | Received a gift from Okawaru
 14386 | D:13     | Got an ichor-stained morningstar {god gift}
 14390 | D:12     | Identified the +1 morningstar of Duty {speed, rC+ rN+ Str+4
                  | Dex+2} (Okawaru gifted it to you on level 13 of the
                  | Dungeon)
 14608 | D:13     | Found a gate to the Vaults.
 14608 | D:13     | Noticed a vault guard
 14608 | D:13     | Noticed a two-headed ogre
 14608 | D:13     | Noticed a vault guard
 14608 | D:13     | Noticed a vault guard
 14608 | D:13     | Noticed a vault guard
 14612 | D:13     | Noticed a two-headed ogre
 14615 | D:13     | Found a burning altar of Makhleb.
 14627 | D:13     | Killed a two-headed ogre
 14751 | D:13     | Noticed a centaur warrior
 14771 | D:13     | Killed a centaur warrior
 14796 | D:13     | Killed a vault guard
 14796 | D:13     | Reached XP level 13. HP: 104/118 MP: 14/14
 14891 | D:13     | Received a gift from Okawaru
 15180 | Lair:1   | Entered Level 1 of the Lair of Beasts
 15547 | Lair:1   | Noticed Urug
 15586 | Lair:1   | Killed Urug
 15936 | Lair:1   | Received a gift from Okawaru
 16132 | Lair:1   | Noticed Sonja
 16385 | Lair:1   | Killed Sonja
 16689 | Lair:1   | Identified a scroll of acquirement
 16690 | Lair:1   | Got a pair of ancient gloves
 16701 | Lair:1   | Identified the +0 pair of gloves of the Peculiar Seas
                  | {Regen+ Str+2} (You acquired it on level 1 of the Lair of
                  | Beasts)
 16884 | Lair:2   | Reached skill level 5 in Evocations
 17012 | Lair:2   | Reached skill level 1 in Invocations
 18015 | Lair:3   | Found a staircase to the Shoals.
 19214 | Lair:4   | Found a staircase to the Snake Pit.
 19325 | Lair:4   | Noticed Rupert
 19361 | Lair:4   | Killed Rupert
 19361 | Lair:4   | Reached XP level 14. HP: 68/129 MP: 16/16
 19473 | Lair:4   | Received a gift from Okawaru
 19686 | Lair:4   | Received a gift from Okawaru
 20050 | Lair:4   | Received a gift from Okawaru
 20687 | Lair:5   | Found a staircase to the Slime Pits.
 20934 | Lair:6   | Entered Level 6 of the Lair of Beasts
 21382 | Lair:6   | Reached skill level 5 in Invocations
 21529 | Lair:6   | Received a gift from Okawaru
 21534 | Lair:6   | Got a jewelled shield {god gift}
 21545 | Lair:6   | Identified the +2 shield of the Prince {rN+ Str+5} (Okawaru
                  | gifted it to you on level 6 of the Lair of Beasts)
 22538 | Lair:6   | Got a slimy cloak
 22549 | Lair:6   | Identified the +2 cloak of Relativism {rC- rCorr Str+3
                  | Slay+5} (You found it on level 6 of the Lair of Beasts)
 22746 | Orc:1    | Entered Level 1 of the Orcish Mines
 22746 | Orc:1    | Noticed Erolcha
 22749 | Orc:1    | Killed Erolcha
 22750 | Orc:1    | Noticed Snorg
 22773 | D:9      | Killed Snorg
 22927 | Orc:1    | Found a runed translucent door.
 22933 | Orc:1    | Noticed Seisiemm's ghost (journeyman MiWn)
 23082 | Orc:1    | Found Muwkin's Antique Weapon Emporium.
 23095 | Orc:1    | Reached XP level 15. HP: 139/139 MP: 17/17
 23267 | Orc:2    | Entered Level 2 of the Orcish Mines
 23396 | Orc:2    | Found a staircase to the Elven Halls.
 23499 | Orc:2    | Received a gift from Okawaru
 23529 | Orc:2    | Found a gate leading to a gauntlet.
 23552 | Gauntlet | Entered a Gauntlet
 23552 | Gauntlet | Found a transporter.
 23559 | Gauntlet | Found a transporter.
 23561 | Gauntlet | Found a transporter.
 23570 | Gauntlet | Found a transporter.
 23572 | Gauntlet | Found a transporter.
 23581 | Gauntlet | Found a transporter.
 23596 | Gauntlet | Found a runed translucent door.
 23598 | Gauntlet | Found a transporter.
 23600 | Gauntlet | Found a runed translucent door.
 23608 | Gauntlet | Found a transporter.
 23624 | Gauntlet | Found a transporter.
 23624 | Gauntlet | Found a transporter.
 23627 | Gauntlet | Found a transporter.
 23652 | Gauntlet | Found a transporter.
 23652 | Gauntlet | Found a transporter.
 23710 | Gauntlet | Found a transporter.
 23951 | Gauntlet | Got a faintly glowing hat
 23992 | Gauntlet | Identified the +6 chain mail of Tender Moments {rF+ MR+
                  | MP+9 SInv}
 24026 | Gauntlet | Got a polished war axe
 24138 | Gauntlet | Identified the +2 hat of Yngetija {Str+2} (You found it in
                  | a Gauntlet)
 24159 | Gauntlet | Identified the +5 war axe of the Other Side {chop, -Tele
                  | MR++ Dex+4} (You found it in a Gauntlet)
 24323 | Orc:2    | Identified a +1 pair of boots of running (Okawaru gifted it
                  | to you on level 2 of the Orcish Mines)
 24612 | Orc:2    | Found Tiuqy's Jewellery Shop.
 24612 | Orc:2    | Found Qeawkete's Armour Shoppe.
 24713 | Orc:2    | Found a roughly hewn altar of Beogh.
 24730 | Orc:2    | Found Necyv's Magic Scroll Shop.
 24730 | Orc:2    | Found Pigguini's Antique Weapon Shoppe.
 25005 | Orc:1    | Found an iron altar of Okawaru.
 25331 | Orc:1    | Killed Seisiemm's ghost
 25502 | Snake:1  | Entered Level 1 of the Snake Pit
 25621 | Snake:1  | Reached skill level 15 in Fighting
 25670 | Lair:4   | Reached skill level 15 in Shields
 25704 | Lair:4   | Reached skill level 15 in Armour
 26851 | D:14     | Reached skill level 15 in Maces & Flails
 26855 | D:14     | Found a shadowy altar of Dithmenos.
 27005 | D:14     | Received a gift from Okawaru
 27012 | D:14     | Got a smoking scimitar {god gift}
 27028 | D:14     | Identified the +2 scimitar "Huolurei" {flame, rF- Str+7
                  | Int+4} (Okawaru gifted it to you on level 14 of the
                  | Dungeon)
 27721 | D:15     | Entered Level 15 of the Dungeon
 27757 | D:15     | Found an opulent altar of Gozag.
 28309 | D:15     | Found a staircase to the Depths.
 28614 | D:15     | Received a gift from Okawaru
 28614 | D:15     | Reached XP level 16. HP: 149/151 MP: 18/18
 29744 | Snake:1  | Learned a level 3 spell: Regeneration
 29997 | Snake:1  | Reached skill level 1 in Necromancy
 30171 | Snake:1  | Reached skill level 1 in Charms
 30715 | Snake:2  | Received a gift from Okawaru
 31279 | Snake:2  | Found a flickering gateway to a bazaar.
 31614 | Bazaar   | Entered a bazaar
 31638 | Bazaar   | Found Qioss's Gadget Shoppe.
 31668 | Bazaar   | Found Muwkin's Book Boutique.
 31718 | Bazaar   | Found Ziod's Magic Scroll Shoppe.
 31772 | Bazaar   | Found Megotun's Gadget Shoppe.
 32697 | Snake:2  | Got a warped demon whip
 32698 | Snake:2  | Identified the +9 demon whip "Ynyosk" {drain, +Blink rC-
                  | Str+8 Dex+2} (You acquired it on level 2 of the Snake Pit)
 32774 | Snake:3  | Received a gift from Okawaru
 32775 | Snake:3  | Found the +10 large shield of Ignorance {rN+ Int-4}
 33121 | Snake:3  | Noticed Saint Roka
 33753 | Snake:3  | Reached XP level 17. HP: 136/162 MP: 19/19
 34151 | Snake:3  | Killed Saint Roka
 34526 | Snake:4  | Entered Level 4 of the Snake Pit
 34762 | Snake:4  | Found a runed translucent gate.
 34762 | Snake:4  | Found a runed translucent gate.
 34762 | Snake:4  | Found a runed translucent gate.
 34864 | Snake:4  | Received a gift from Okawaru
 36227 | Snake:4  | Noticed DankestMemes's ghost (adept GrEE)
 37168 | Snake:4  | Got a serpentine rune of Zot
 37214 | Snake:4  | Reached skill level 5 in Necromancy
 37799 | Vaults:1 | Entered Level 1 of the Vaults
 37814 | Vaults:1 | You fall into a shaft and drop 1 floor!
 38104 | Vaults:2 | Received a gift from Okawaru
 38230 | Vaults:1 | Reached skill level 5 in Charms
 38360 | Vaults:1 | Found Ufrotuja's Gadget Shoppe.
 38556 | Vaults:1 | Reached XP level 18. HP: 167/173 MP: 20/20
 40119 | Vaults:2 | Received a gift from Okawaru
 40938 | Vaults:2 | Received a gift from Okawaru
 40960 | Vaults:2 | Noticed Xtahua
 40967 | Vaults:2 | Killed Xtahua
 41195 | Vaults:2 | Found a staircase to the Crypt.
 41275 | Vaults:2 | Found a hide-covered altar of Uskayaw.
 41343 | Vaults:2 | Learned a level 5 spell: Summon Demon
 41373 | Vaults:3 | Received a gift from Okawaru
 41412 | Vaults:3 | Got an encrusted chain mail {god gift}
 41426 | Vaults:3 | Identified the +1 chain mail "Nasul" {Str+4} (Okawaru
                  | gifted it to you on level 3 of the Vaults)
 41773 | Vaults:3 | Reached skill level 1 in Summonings
 41776 | Vaults:3 | Reached skill level 1 in Spellcasting
 42046 | Vaults:3 | Noticed a lich
 42050 | Vaults:3 | Reached XP level 19. HP: 183/183 MP: 21/21
 42754 | Vaults:3 | Received a gift from Okawaru
 43401 | Depths:1 | Entered Level 1 of the Depths
 43469 | Depths:1 | Found a gateway to Hell.
 43645 | Depths:1 | Reached skill level 15 in Dodging
 43656 | Depths:1 | Received a gift from Okawaru
 43707 | Depths:1 | Found a one-way gate to the infinite horrors of the Abyss.
 44544 | Depths:1 | Received a gift from Okawaru
 44547 | Depths:1 | Got a spiked chain mail {god gift}
 44558 | Depths:1 | Identified the +7 chain mail of the Moon Troll {rC- Str+4
                  | Dex+6} (Okawaru gifted it to you on level 1 of the Depths)
 45139 | Depths:1 | Noticed a caustic shrike
 45140 | Depths:1 | Noticed a juggernaut
 45146 | Depths:1 | Killed a caustic shrike
 45162 | Depths:1 | Killed a juggernaut
 45173 | Depths:1 | Reached XP level 20. HP: 139/195 MP: 25/25
 45181 | Depths:1 | Reached skill level 5 in Summonings
 45309 | Depths:1 | Identified the Papyrus of the Many Allies
 45659 | Depths:1 | You fall into a shaft and drop 1 floor!
 45998 | Depths:1 | Reached skill level 5 in Spellcasting
 46603 | Depths:2 | Found a one-way gate leading to the halls of Pandemonium.
 46850 | Depths:2 | Found a runed translucent door.
 46875 | Depths:2 | Found Miuteesh's Food Shop.
 46928 | Depths:2 | Received a gift from Okawaru
 47708 | Slime:1  | Entered Level 1 of the Pits of Slime
 48514 | Slime:1  | Upgraded the game from 0.24-a0-415-g6d73c25 to
                  | 0.24-a0-416-g56ce517
 50204 | Slime:5  | Entered Level 5 of the Pits of Slime
 50394 | Slime:5  | Received a gift from Okawaru
 50531 | Slime:5  | Noticed the Royal Jelly
 50587 | Slime:4  | HP: 8/198 [acid[the Royal Jelly] (4)]
 50588 | Slime:4  | Slain by an acid blob

Levels and vault maps discovered:
D:1:      matt_arrival_los_fun, layout_basic
D:2:      layout_rooms, kennysheep_nondescript, uniq_jessica, uniq_terence
D:3:      layout_rooms, uniq_robin
D:4:      layout_basic, nemelex_xobeh_ov_fountains_minmay, serial_shops,
          nicolae_shop_stone, chequers_serial_rivers_small_a, dk_vineyard_3,
          uniq_menkaure, uniq_grinder, uniq_eustachio
D:5:      layout_rooms, nicolae_ossuary_entry_plus, first_ration,
          minmay_misc_feat_columns, lemuel_flame_loot_1, uniq_duvessa, uniq_ijyb
D:6:      layout_cave_pools
D:7:      kennysheep_steamy, layout_basic, minmay_temple_entry_poolview
D:8:      layout_basic, serial_shops, shop, shop, nicolae_shop_crystal,
          nicolae_shop_statue_plus, shop, uniq_pikel, uniq_joseph
D:9:      layout_basic, erik_orc_4, gammafunk_ghost_arena
D:10:     layout_cave_pools, minmay_lair_entry_grove, serial_gnoll_camp,
          gnoll_camp_medium_02, gnoll_camp_mini_hut, gnoll_camp_mini_loothouse,
          gnoll_camp_mini_shop, serial_shops,
          nicolae_shop_competitors_out_of_business, nicolae_shop_waterfront,
          the_bakery, st_stairs_10, roderic_batcave
D:11:     slaughterhouse, layout_basic
D:12:     layout_roguey, minmay_diamond_spiral, uniq_jorgrun
D:13:     layout_grid_maze, lightli_vaults_fourway_checkpoint, basic_altar
D:14:     layout_irregular_city, grunt_dithmenos_smoke
D:15:     gammafunk_enter_depths_forms, layout_basic, basic_altar
Temple:   minmay_crystal_snake_temple
Lair:1:   layout_long_grid, minmay_shattered_shrine, lemuel_fruit_tree,
          uniq_urug, uniq_sonja
Lair:2:   layout_cave_pods, grunt_megastairs_4
Lair:3:   layout_long_grid, elwin_shoals_entry_rocks, serial_bayou,
          serial_bayou_lagoon_b, serial_bayou_lagoon_a, serial_bayou_lake_a,
          serial_bayou_crossing
Lair:4:   lemuel_slime, layout_big_grid, minmay_snake_entry_six_corridors,
          uniq_rupert
Lair:5:   layout_long_grid, slime_dummy
Lair:6:   evilmike_catoblepas_cave, layout_regular_city,
          minmay_lair_oklob_chamber, grunt_megastairs_3
Snake:1:  layout_gridlike
Snake:2:  layout_grid_maze, serial_shops, bzr_entry_water
Snake:3:  onia_ninara_swampy_vault, layout_basic, grunt_ministairs_6,
          uniq_saint_roka
Snake:4:  minmay_snake_end_coiled, layout_basic, special_room,
          ebering_ghost_rock_garden, serial_bayou_pond_e
Slime:1:  layout_caves
Slime:2:  layout_caves, cheibrodos_slime_lost_civilization_7
Slime:3:  layout_caves
Slime:4:  layout_caves
Slime:5
Orc:1:    layout_caves, ebering_ghost_reflecting_pool, serial_shops,
          nicolae_shop_stone, okawaru_metal_pillars_3, uniq_erolcha, uniq_snorg
Orc:2:    st_orc_town, layout_caves, gauntlet_entry_generic
Vaults:1: nicolae_vaults_little_squares_3, nicolae_vaults_rhombus_6,
          nicolae_vaults_twisting_passages, v_misc_28, vaults_room_ringed_pool,
          dpeg_vaults_monster_row, vaults_mumra_chevron, v_pattern_4,
          ontoclasm_vaults_ring_square, ontoclasm_vaults_ring_large, v_misc_18,
          hangedman_vaults_nails, ontoclasm_vaults_pinch,
          layout_vaults_maze_bifur, serial_shops, shop_statue
Vaults:2: vaults_room_fancy_cross, vaults_dpeg_diagonal,
          ontoclasm_vaults_claustrophobia, nicolae_vaults_disjoint_gnomons,
          minmay_crypt_entry_simple_box, hangedman_vaults_trim,
          nicolae_vaults_minivaults, v_misc_1, nicolae_vaults_back_hallway,
          nicolae_vaults_network_square,
          vaults_standard_mumra_enter_the_diamond, vaults_room_semicircle,
          vaults_mumra_lcd, vaults_room_fours, grunt_vaults_hallway_long,
          nicolae_vaults_little_ls, layout_vaults_omnibox, basic_altar,
          uniq_xtahua
Vaults:3: hangedman_vaults_slither, nicolae_vaults_network_periphery,
          dpeg_vaults_waves, grunt_vaults_trifunnel,
          nicolae_vaults_yaktaur_gun_rack, dpeg_vaults_monster_box,
          vaults_dpeg_ring, nicolae_vaults_little_squares_4,
          layout_vaults_chaotic_city
Vaults:4: ontoclasm_vaults_misaligned, ontoclasm_vaults_eye,
          nicolae_vaults_windows_and_doors_thing,
          nicolae_vaults_ring_of_whatevers, v_misc_24, serial_ice_h,
          layout_vaults_omnigrid
Depths:1: minmay_the_grid_triangle_9x9_recursive_3
          [minmay_the_grid_triangle_9x9_dagger,
          minmay_the_grid_triangle_9x9_limited_checkers,
          minmay_the_grid_triangle_9x9_steps,
          minmay_the_grid_triangle_9x9_prize_schism,
          minmay_the_grid_triangle_9x9_sparse_checkered,
          minmay_the_grid_triangle_9x9_zippers_vertical,
          minmay_the_grid_triangle_9x9_corruption,
          minmay_the_grid_triangle_9x9_sprig,
          minmay_the_grid_triangle_9x9_from_above], layout_honeycomb,
          grunt_mini_vestibule, abyss_entry, minivault_15,
          minmay_fractal_squares_diagonal_5
Depths:2: minmay_eyes, layout_cave_shapes, serial_rivers,
          chequers_serial_rivers_micro_a, chequers_serial_rivers_micro_d,
          chequers_serial_rivers_micro_b, chequers_serial_rivers_micro_a,
          rand_demon_pan_entry_3, serial_shops, shop,
          pf_vacation_house_of_asmodeus, minmay_acid_items, serial_bayou_shore_a

Skill      XL: |  1  2  3  4  5  6  7  8  9 10 11 12 13 14 15 16 17 18 19 20 |
---------------+-------------------------------------------------------------+-----
Fighting       | 4 5 6 7 8 9 11 12 13 14 16 17 18 19 20 21 | 21.4
Maces & Flails | 3 4 5 6 8 9 10 11 12 13 15 16 17 19 20 21 | 21.0
Armour         | 4 5 6 7 8 9 11 12 13 14 15 | 15.0
Dodging        | 1 2 3 4 5 7 8 9 10 11 12 14 15 | 15.0
Shields        | 4 5 6 7 8 9 11 12 13 14 15 | 15.0
Evocations     | 3 5 |  5.3
Long Blades    | 3 |  3.7
Invocations    | 3 5 |  5.3
Necromancy     | 3 5 |  5.1
Charms         | 3 5 |  5.1
Summonings     | 1 4 7 |  7.2
Spellcasting   | 1 4 5 |  5.0

Action                   |  1- 3 |  4- 6 |  7- 9 | 10-12 | 13-15 | 16-18 | 19-21 || total
-------------------------+-------+-------+-------+-------+-------+-------+-------++-------
Melee: Flail             |    82 |    74 |       |       |       |       |       ||   156
       Headbutt          |     7 |    23 |    85 |   183 |   471 |   395 |   302 ||  1466
       Whip              |       |    48 |   352 |   718 |       |       |       ||  1118
       Unarmed           |       |       |    17 |       |       |       |       ||    17
       Morningstar       |       |       |       |    59 |  1441 |   266 |       ||  1766
       Falchion          |       |       |       |    15 |       |       |       ||    15
       Demon whip        |       |       |       |       |       |   835 |   821 ||  1656
 Cast: Regeneration      |       |       |       |       |       |       |     1 ||     1
 Abil: Evoke Blink       |       |       |       |       |       |       |     3 ||     3
Evoke: Wand              |       |       |       |    26 |     7 |       |     7 ||    40
       Lamp of fire      |       |       |       |       |       |     2 |     1 ||     3
       Fan of gales      |       |       |       |       |       |       |     1 ||     1
  Use: Scroll            |       |       |       |    24 |     8 |    12 |     4 ||    48
       Potion            |       |       |       |       |     4 |     5 |     4 ||    13
  Eat: Chunk             |     1 |     4 |     4 |    14 |    37 |    20 |    13 ||    93
       Ration            |       |       |     3 |     4 |     2 |     6 |     4 ||    19
Armor: Scale mail        |    41 |    37 |    87 |   158 |   184 |       |       ||   507
       Skin              |       |       |     2 |       |       |       |       ||     2
       Chain mail        |       |       |       |       |    76 |   164 |   152 ||   392
Dodge: Dodged            |    20 |    35 |    83 |   306 |   555 |   249 |   227 ||  1475
Block: Shield            |    40 |    83 |   130 |   408 |   883 |   793 |   478 ||  2815
       Reflection        |       |       |       |       |       |   116 |    41 ||   157
       Rpst.: Falchion   |       |       |       |     2 |       |       |       ||     2

Table legend:
 A = Non-vault XP
 B = Vault XP
 C = Vault XP percentage of total XP
 D = Non-vault monster count
 E = Vault monster count
 F = Vault count percentage of total count
                 A         B        C        D         E       F
            +---------+---------+-------+---------+---------+-------
      Total |  347516 |  228778 |  39.7 |     964 |     522 |  35.1
            +---------+---------+-------+---------+---------+-------
        D:1 |      25 |       0 |   0.0 |      17 |       0 |   0.0
        D:2 |      48 |      73 |  60.3 |      18 |       2 |  10.0
        D:3 |     292 |      34 |  10.4 |      27 |      11 |  28.9
        D:4 |      88 |     627 |  87.7 |       3 |       3 |  50.0
        D:5 |     737 |     254 |  25.6 |      22 |       3 |  12.0
        D:6 |     262 |       0 |   0.0 |       5 |       0 |   0.0
        D:7 |     363 |     309 |  46.0 |       7 |       2 |  22.2
        D:8 |     956 |    1128 |  54.1 |      17 |       2 |  10.5
        D:9 |    2477 |    2646 |  51.6 |      45 |      23 |  33.8
       D:10 |    2054 |    2907 |  58.6 |      30 |      39 |  56.5
       D:11 |    2759 |    5967 |  68.4 |      31 |      12 |  27.9
       D:12 |    4854 |    5744 |  54.2 |      35 |       5 |  12.5
       D:13 |   11079 |    5996 |  35.1 |      52 |      12 |  18.8
       D:14 |    8043 |       0 |   0.0 |      31 |       0 |   0.0
       D:15 |   11816 |    3834 |  24.5 |      30 |       8 |  21.1
     Lair:1 |    1749 |    4506 |  72.0 |      13 |      11 |  45.8
     Lair:2 |    4362 |     498 |  10.2 |      17 |       2 |  10.5
     Lair:3 |    4882 |       0 |   0.0 |      25 |       0 |   0.0
     Lair:4 |    9781 |    5199 |  34.7 |      32 |      34 |  51.5
     Lair:5 |    6363 |    1807 |  22.1 |      27 |       6 |  18.2
     Lair:6 |    5398 |   13723 |  71.8 |      22 |      31 |  58.5
    Snake:1 |   18334 |       0 |   0.0 |      29 |       0 |   0.0
    Snake:2 |   12881 |       0 |   0.0 |      23 |       0 |   0.0
    Snake:3 |   32322 |   12159 |  27.3 |      56 |      27 |  32.5
    Snake:4 |    9961 |   22219 |  69.0 |      18 |      40 |  69.0
    Slime:1 |   17303 |       0 |   0.0 |      37 |       0 |   0.0
    Slime:2 |   16236 |     129 |   0.8 |      39 |       1 |   2.5
    Slime:3 |    1799 |       0 |   0.0 |       4 |       0 |   0.0
    Slime:4 |    4494 |       0 |   0.0 |      11 |       0 |   0.0
    Slime:5 |    7670 |    2589 |  25.2 |       8 |       2 |  20.0
      Orc:1 |    3675 |    3445 |  48.4 |      18 |       6 |  25.0
      Orc:2 |    4435 |    6251 |  58.5 |      33 |      55 |  62.5
   Vaults:1 |    9384 |   14152 |  60.1 |      15 |      24 |  61.5
   Vaults:2 |   26880 |   39256 |  59.4 |      44 |      55 |  55.6
   Vaults:3 |   14971 |   26245 |  63.7 |      23 |      29 |  55.8
   Vaults:4 |    6009 |       0 |   0.0 |       5 |       0 |   0.0
   Depths:1 |   66023 |   38081 |  36.6 |      70 |      33 |  32.0
   Depths:2 |   16751 |    2969 |  15.1 |      25 |       7 |  21.9
    Ossuary |       0 |     811 | 100.0 |       0 |      29 | 100.0
   Gauntlet |       0 |    5220 | 100.0 |       0 |       8 | 100.0
            +---------+---------+-------+---------+---------+-------
